 Dungeon Crawl Stone Soup version 0.25.0-15-gac7dcb8919 (webtiles) character file.

Game seed: 13332877630935081473

44 protoss039 the Grave Robber (level 3, 0/24 HPs)
             Began as a Demonspawn Necromancer on June 30, 2020.
             Slain by a worm (9 damage)
             ... on level 1 of the Dungeon.
             The game lasted 00:05:59 (2260 turns).

protoss039 the Grave Robber (DsNe)                  Turns: 2260, Time: 00:05:59

Health: 0/24       AC:  4    Str:  8    XL:     3   Next: 39%
Magic:  0/6        EV: 12    Int: 17    God:
Gold:   22         SH:  0    Dex: 13    Spells: 1/6 levels left

rFire    . . .     SeeInvis .   (no weapon)
rCold    . . .     Gourm    .   (no shield)
rNeg     . . .     Faith    .   i - +0 leather armour
rPois    .         Spirit   .   (no helmet)
rElec    .         Reflect  .   (no cloak)
rCorr    .         Harm     .   (no gloves)
MR       .....                  d - +0 pair of boots
Stlth    ++........             (no amulet)
HPRegen  0.08/turn              (no ring)
MPRegen  0.10/turn              (no ring)

@: no status effects
A: sturdy frame 2
a: no special abilities


You were on level 1 of the Dungeon.
You were not hungry.

You visited 1 branch of the dungeon, and saw 2 of its levels.

You collected 22 gold pieces.

Inventory:

Armour
 a - a +0 robe
 d - a +0 pair of boots (worn)
 i - a +0 leather armour (worn)
Scrolls
 f - a scroll of blinking {unknown}
 g - a scroll of fog {unknown}
Potions
 b - 2 potions of brilliance {unknown}
 e - a potion of mutation {unknown}
Comestibles
 c - 3 rations
 h - a chunk of flesh


   Skills:
 * Level 2.2 Dodging
 * Level 2.2 Stealth
 + Level 2.3 Spellcasting
 * Level 5.0 Necromancy


You had one spell level left.
You knew the following spells:

 Your Spells              Type           Power        Failure   Level  Hunger
a - Pain                  Necr           ###.         2%          1    #......
b - Animate Skeleton      Necr           N/A          2%          1    #......
c - Vampiric Draining     Necr           ###.......   7%          3    ###....

Your spell library contained the following spells:

 Spells                   Type           Power        Failure   Level  Hunger
 Animate Dead             Necr           N/A          24%         4    #####..
 Agony                    Necr           ###.....     54%         5    ######.


Dungeon Overview and Level Annotations

Branches:
Dungeon (2/15)

Altars:

Annotations:
D:1 1 exclusion


Innate Abilities, Weirdness & Mutations

Your movements are less encumbered by armour. (ER -4)


Message History

Aiming: Pain (safe; 2% risk of failure)
Press: ? - help, Shift-Dir - straight line, f - worm
Aim: a worm (chance to defeat MR: 84%)
The worm writhes in agony.
You completely miss the worm.
The worm is lightly wounded.
The worm bites you.
Casting: Pain (safe; 2% risk of failure)
Confirm with . or Enter, or press ? or * to list all spells.
Aiming: Pain (safe; 2% risk of failure)
Press: ? - help, Shift-Dir - straight line, f/p - worm
Aim: a worm (lightly wounded, chance to defeat MR: 84%)
The worm writhes in agony.
You hit the worm but do no damage.
The worm is moderately wounded.
The worm barely misses you.
You hit the worm.
The worm is moderately wounded.
The worm bites you!
You die...

#.##.......##.#........##.#.#..
#..###...####'####...###..#....
##...#####..#.# ######...#####.
#####...........###.(............
..............####...############
...........#..####.#.# #.....
...........#.........### #.#...
...........##.#..w.....# #.####
#####......+....@#.###.# #.....
...........###.....# #.# ######
...........# ##...## #.# #
...........# #..## #.# #
...........# #..# #.# #
...........# #..#####.# #
...........# #........# #
.......##### #.######## #
.......# #.# #


You could see a worm.

Vanquished Creatures
  An adder (D:2)
  2 leopard geckos (D:1)
  2 giant cockroaches (D:1)
  5 goblins (D:1)
  3 hobgoblins (D:1)
  4 jackals (D:1)
  8 bats (D:1)
  4 kobolds (D:1)
  3 rats (D:1)
32 creatures vanquished.

Notes
Turn   | Place    | Note
-------+----------+-------------------------------------------
     0 | D:1      | protoss039 the Demonspawn Necromancer began the quest for
                  | the Orb.
     0 | D:1      | Reached XP level 1. HP: 13/13 MP: 3/3
   489 | D:1      | Gained mutation: Your movements are slightly less
                  | encumbered by armour. (ER -2) [demonic ancestry]
   489 | D:1      | Reached XP level 2. HP: 13/19 MP: 1/5
  1854 | D:1      | Gained mutation: Your movements are less encumbered by
                  | armour. (ER -4) [demonic ancestry]
  1854 | D:1      | Reached XP level 3. HP: 23/24 MP: 3/6
  1989 | D:1      | Reached skill level 5 in Necromancy
  2191 | D:1      | Learned a level 1 spell: Animate Skeleton
  2195 | D:1      | Learned a level 3 spell: Vampiric Draining
  2260 | D:1      | Slain by a worm

Illustrated notes

Levels and vault maps discovered:
D:1:      dpeg_arrival_three_smaller_balls, layout_basic
D:2:      layout_rooms, overflow_temple_1_default

Skill      XL: |  1  2  3 |
---------------+----------+-----
Stealth        | 2 |  2.2
Dodging        | 2 |  2.2
Necromancy     | 5 |  5.0
Spellcasting   | |  2.3

Action                   || total
-------------------------++-------
Melee: Unarmed           ||   105
 Cast: Pain              ||    47
 Stab: Sleeping          ||     2
  Eat: Chunk             ||     5
Armor: Robe              ||    46
       Leather armour    ||     3
Dodge: Dodged            ||   124
